[ AOE2 MATCH · #513503091 ]
UnrankedSicilians vs Aztecs
Player's team · LOSS
Rival team · WIN
[ REPLAY ANALYSIS · EXTRACTED FROM THE RECORDED GAME ]
Feudal
9:21
Castle
25:02
Imperial
38:07
| APM avg | 75.4 |
| APM peak | 178 |
| eAPM avg | 43.0 |
| Villagers / military | 154 / 64 |
Focus
⚔️ 69.1% · 🌾 30.9%
Knight ×32 · Skirmisher ×11 · Scout Cavalry ×9 · Scorpion ×6 · Trebuchet (Packed) ×3 · Mangonel ×2
Feudal
10:54
Castle
23:09
Imperial
38:22
| APM avg | 75.6 |
| APM peak | 140 |
| eAPM avg | 22.2 |
| Villagers / military | 154 / 113 |
Focus
⚔️ 40.1% · 🌾 59.9%
Archer ×60 · Spearman ×20 · Eagle Scout ×18 · Monk ×6 · Militia ×4 · Trebuchet (Packed) ×3
Match map
Initial resources + every placement click. Lines = walls · curves = elevation contours. ◆ gold · ⬟ stone · ● berries · ✦ relic · ◌ wall gap
Your base· Open — opponent sealed themselves in
MiniTurtle's base· ✓ Closed at 23:09 · 52t walls · no gate
Smoothed initial terrain · ◌ = detected wall gap · hover for details
Inputs per minute
— La Brianne - - MiniTurtle
Build order — La Brianne
First 150 of 394 actions detected
| 0:00 | queue | Villager (Male) ×4 |
| 0:01 | Build | House |
| 0:02 | Build | House |
| 1:24 | queue | Villager (Male) |
| 1:25 | queue | Villager (Male) |
| 1:56 | queue | Villager (Male) |
| 1:57 | queue | Villager (Male) |
| 2:08 | queue | Villager (Male) |
| 2:23 | Build | Lumber Camp |
| 2:40 | queue | Villager (Male) |
| 2:40 | queue | Villager (Male) |
| 2:51 | queue | Villager (Male) |
| 2:51 | queue | Villager (Male) |
| 3:36 | queue | Villager (Male) |
| 3:39 | queue | Villager (Male) |
| 3:39 | queue | Villager (Male) |
| 3:49 | Build | House |
| 3:54 | Build | House |
| 4:14 | queue | Villager (Male) |
| 4:15 | queue | Villager (Male) |
| 4:34 | Build | Palisade Wall |
| 4:50 | queue | Villager (Male) |
| 4:51 | queue | Villager (Male) |
| 5:23 | queue | Villager (Male) |
| 5:47 | queue | Villager (Male) |
| 5:59 | Build | Mill |
| 6:18 | queue | Villager (Male) |
| 6:22 | Research | Loom |
| 7:11 | Research | Feudal Age |
| 7:11 | Research | Feudal Age |
| 7:27 | Build | House |
| 8:08 | Build | Barracks |
| 8:16 | Build | Palisade Wall |
| 8:17 | Build | Palisade Wall |
| 8:18 | queue | Villager (Male) |
| 9:18 | Build | Palisade Wall |
| 9:21 | Age | Feudal Age |
| 9:26 | queue | Villager (Male) |
| 9:28 | Build | Stable |
| 9:29 | queue | Villager (Male) |
| 9:52 | Research | Double-Bit Axe |
| 9:52 | Research | Horse Collar |
| 9:53 | Research | Horse Collar |
| 9:56 | Build | Palisade Gate |
| 10:25 | queue | Villager (Male) |
| 10:49 | Build | Farm |
| 10:51 | Build | Farm |
| 10:52 | Build | Farm |
| 10:54 | queue | Villager (Male) |
| 11:16 | Build | Farm |
| 11:22 | Build | House |
| 11:31 | queue | Villager (Male) |
| 11:50 | queue | Villager (Male) |
| 11:52 | Build | Farm |
| 11:54 | Build | Farm |
| 12:02 | Build | Farm |
| 12:14 | queue | Scout Cavalry |
| 12:14 | queue | Villager (Male) |
| 12:17 | Build | Farm |
| 12:26 | queue | Villager (Male) |
| 12:30 | Build | Farm |
| 12:40 | Build | House |
| 12:42 | Build | Palisade Wall |
| 12:44 | queue | Scout Cavalry |
| 12:45 | queue | Scout Cavalry |
| 12:54 | Build | Farm |
| 12:55 | queue | Villager (Male) |
| 13:10 | queue | Villager (Male) |
| 13:23 | queue | Villager (Male) |
| 13:25 | Build | Farm |
| 13:25 | queue | Villager (Male) |
| 13:34 | queue | Villager (Male) |
| 13:42 | Build | House |
| 13:43 | Build | House |
| 13:45 | Build | Palisade Wall |
| 13:46 | queue | Villager (Male) |
| 13:52 | Build | Palisade Wall |
| 14:12 | Build | Palisade Wall |
| 14:17 | Build | Palisade Wall |
| 14:19 | Build | Palisade Wall |
| 14:23 | Build | Palisade Wall |
| 14:38 | queue | Scout Cavalry |
| 14:43 | Build | Palisade Wall |
| 14:52 | queue | Scout Cavalry |
| 14:52 | queue | Scout Cavalry |
| 15:19 | queue | Villager (Male) |
| 15:24 | queue | Scout Cavalry |
| 15:28 | Build | Archery Range |
| 15:30 | queue | Villager (Male) |
| 15:39 | queue | Villager (Male) |
| 15:41 | Build | Farm |
| 15:52 | Build | Farm |
| 15:52 | queue | Villager (Male) |
| 15:57 | Build | Lumber Camp |
| 15:58 | queue | Villager (Male) |
| 16:03 | Build | Palisade Wall |
| 16:04 | queue | Skirmisher |
| 16:14 | Build | House |
| 16:16 | Build | House |
| 16:28 | Build | Palisade Wall |
| 16:28 | Build | Palisade Wall |
| 16:30 | queue | Villager (Male) |
| 16:33 | queue | Skirmisher |
| 16:48 | queue | Villager (Male) |
| 16:49 | Build | Farm |
| 17:09 | Build | Farm |
| 17:10 | queue | Skirmisher |
| 17:24 | queue | Skirmisher |
| 17:42 | queue | Scout Cavalry |
| 17:45 | queue | Skirmisher |
| 17:57 | Build | House |
| 18:00 | Build | Market |
| 18:07 | Build | House |
| 18:10 | Build | House |
| 18:37 | queue | Skirmisher |
| 18:50 | queue | Skirmisher |
| 18:54 | Build | Blacksmith |
| 18:56 | Build | Palisade Wall |
| 18:57 | queue | Villager (Male) |
| 18:57 | queue | Villager (Male) |
| 19:04 | Build | Farm |
| 19:10 | queue | Skirmisher |
| 19:33 | Research | Fletching |
| 19:46 | Build | Farm |
| 19:47 | Build | Farm |
| 19:56 | queue | Villager (Male) |
| 20:00 | Build | Mining Camp |
| 20:44 | Build | Market |
| 20:55 | queue | Villager (Male) |
| 21:04 | Research | Gold Mining |
| 21:05 | queue | Villager (Male) |
| 21:10 | Build | House |
| 21:33 | queue | Villager (Male) |
| 22:08 | Build | House |
| 22:22 | Research | Castle Age |
| 22:22 | Research | Castle Age |
| 22:29 | queue | Scout Cavalry |
| 22:47 | Build | House |
| 23:04 | Build | Palisade Wall |
| 23:16 | queue | Skirmisher |
| 23:19 | Research | Padded Archer Armor |
| 23:19 | Research | Padded Archer Armor |
| 23:32 | Build | House |
| 23:46 | queue | Skirmisher |
| 24:01 | queue | Skirmisher |
| 25:02 | Age | Castle Age |
| 25:08 | Build | Siege Workshop |
| 25:12 | queue | Knight |
| 25:27 | queue | Scorpion |
| 25:27 | queue | Scorpion |
Build order — MiniTurtle
First 150 of 418 actions detected
| 0:01 | queue | Villager (Male) |
| 0:01 | queue | Villager (Male) |
| 0:02 | Build | House |
| 0:03 | Build | House |
| 0:08 | queue | Villager (Male) |
| 0:09 | queue | Villager (Male) |
| 1:19 | queue | Villager (Male) |
| 1:40 | Build | Lumber Camp |
| 1:53 | queue | Villager (Male) |
| 1:53 | queue | Villager (Male) |
| 2:21 | queue | Villager (Male) |
| 2:56 | queue | Villager (Male) |
| 2:56 | queue | Villager (Male) |
| 3:23 | queue | Villager (Male) |
| 3:41 | queue | Villager (Male) |
| 3:41 | queue | Villager (Male) |
| 3:53 | Build | House |
| 4:00 | queue | Villager (Male) |
| 4:00 | queue | Villager (Male) |
| 4:20 | Build | Barracks |
| 4:31 | queue | Villager (Male) |
| 4:31 | queue | Villager (Male) |
| 4:46 | Build | House |
| 4:55 | Build | House |
| 5:02 | queue | Villager (Male) |
| 5:33 | queue | Militia |
| 5:49 | queue | Villager (Male) |
| 5:55 | Build | Mill |
| 6:04 | queue | Militia |
| 6:13 | queue | Villager (Male) |
| 6:46 | queue | Villager (Male) |
| 7:04 | queue | Villager (Male) |
| 7:17 | Build | Mining Camp |
| 7:36 | Research | Loom |
| 8:07 | queue | Villager (Male) |
| 8:35 | queue | Villager (Male) |
| 8:44 | Research | Feudal Age |
| 8:48 | Build | House |
| 9:14 | queue | Militia |
| 9:54 | Build | Mill |
| 10:47 | queue | Villager (Male) |
| 10:47 | queue | Villager (Male) |
| 10:50 | queue | Militia |
| 10:54 | Age | Feudal Age |
| 10:58 | Build | Archery Range |
| 11:04 | queue | Spearman |
| 11:07 | Research | Double-Bit Axe |
| 11:07 | queue | Villager (Male) |
| 11:12 | queue | Villager (Male) |
| 11:16 | Build | House |
| 11:28 | queue | Villager (Male) |
| 11:31 | queue | Archer |
| 11:40 | Build | House |
| 11:43 | Build | House |
| 11:44 | queue | Villager (Male) |
| 11:51 | queue | Archer |
| 11:58 | queue | Villager (Male) |
| 12:02 | Build | Palisade Wall |
| 12:13 | queue | Archer |
| 12:15 | queue | Villager (Male) |
| 12:19 | queue | Spearman |
| 12:36 | queue | Spearman |
| 12:41 | queue | Villager (Male) |
| 12:41 | queue | Villager (Male) |
| 12:51 | queue | Villager (Male) |
| 12:59 | Build | Blacksmith |
| 13:00 | Build | House |
| 13:30 | queue | Villager (Male) |
| 13:52 | Research | Fletching |
| 13:54 | queue | Spearman |
| 13:56 | Build | Farm |
| 13:56 | Build | Farm |
| 14:11 | queue | Archer |
| 14:19 | Build | Farm |
| 14:20 | Build | Farm |
| 14:21 | Build | Farm |
| 14:22 | queue | Villager (Male) |
| 14:22 | queue | Villager (Male) |
| 14:36 | queue | Archer |
| 14:47 | queue | Villager (Male) |
| 15:23 | queue | Villager (Male) |
| 15:26 | queue | Archer |
| 15:27 | queue | Archer |
| 15:40 | Build | Farm |
| 15:40 | Build | Farm |
| 15:41 | queue | Villager (Male) |
| 15:54 | Build | Farm |
| 15:55 | Build | Farm |
| 16:12 | queue | Villager (Male) |
| 16:13 | Build | Market |
| 16:14 | queue | Villager (Male) |
| 16:17 | Build | House |
| 16:18 | Build | Palisade Wall |
| 16:19 | Build | Palisade Wall |
| 16:28 | queue | Villager (Male) |
| 16:29 | Build | House |
| 16:33 | Build | Palisade Wall |
| 16:33 | Build | Palisade Wall |
| 16:50 | Build | Palisade Wall |
| 16:53 | Build | Palisade Wall |
| 16:54 | Build | Palisade Wall |
| 16:57 | Build | Palisade Wall |
| 16:59 | Build | Palisade Wall |
| 17:02 | Build | Palisade Wall |
| 17:06 | queue | Spearman |
| 17:08 | Build | Farm |
| 17:20 | queue | Spearman |
| 17:24 | Build | House |
| 18:09 | Build | Farm |
| 18:10 | Build | Farm |
| 18:11 | queue | Villager (Male) |
| 18:11 | queue | Villager (Male) |
| 18:28 | queue | Villager (Male) |
| 18:41 | Build | Farm |
| 18:55 | Build | Lumber Camp |
| 19:09 | queue | Villager (Male) |
| 19:29 | Build | Farm |
| 20:29 | Research | Castle Age |
| 20:40 | Build | House |
| 20:41 | queue | Villager (Male) |
| 20:44 | Build | Archery Range |
| 20:52 | queue | Archer |
| 21:04 | Build | Palisade Wall |
| 21:16 | queue | Archer |
| 21:19 | Research | Padded Archer Armor |
| 21:25 | Build | Lumber Camp |
| 21:38 | Build | House |
| 21:40 | queue | Archer |
| 21:51 | Research | Gold Mining |
| 21:52 | queue | Archer |
| 21:58 | queue | Eagle Scout |
| 21:58 | queue | Eagle Scout |
| 22:00 | Research | Horse Collar |
| 22:03 | Build | House |
| 22:08 | queue | Archer |
| 22:29 | queue | Archer |
| 22:33 | Research | Scale Mail Armor |
| 22:49 | queue | Archer |
| 22:54 | queue | Villager (Male) |
| 23:05 | queue | Villager (Male) |
| 23:09 | Age | Castle Age |
| 23:14 | Research | Crossbowman (upgrade) |
| 23:21 | Build | University |
| 23:22 | queue | Villager (Male) |
| 23:42 | queue | Villager (Male) |
| 23:46 | Build | House |
| 23:59 | Research | Bodkin Arrow |
| 24:00 | queue | Archer |
| 24:01 | queue | Archer |
| 24:01 | queue | Villager (Male) |
Match timeline
| 4:20 | MiniTurtle · first_building Barracks |
| 4:34 | La Brianne · wall_segment Palisade Wall x10 |
| 8:08 | La Brianne · first_building Barracks |
| 8:16 | La Brianne · wall_segment Palisade Wall x1 |
| 8:17 | La Brianne · wall_segment Palisade Wall x6 |
| 9:18 | La Brianne · wall_segment Palisade Wall x3 |
| 9:21 | La Brianne · age_up feudal |
| 9:28 | La Brianne · first_building Stable |
| 10:54 | MiniTurtle · age_up feudal |
| 10:58 | MiniTurtle · first_building Archery Range |
| 12:02 | MiniTurtle · wall_segment Palisade Wall x11 |
| 12:42 | La Brianne · wall_segment Palisade Wall x2 |
| 13:45 | La Brianne · wall_segment Palisade Wall x1 |
| 13:52 | La Brianne · wall_segment Palisade Wall x5 |
| 14:12 | La Brianne · wall_segment Palisade Wall x1 |
| 14:17 | La Brianne · wall_segment Palisade Wall x1 |
| 14:19 | La Brianne · wall_segment Palisade Wall x1 |
| 14:23 | La Brianne · wall_segment Palisade Wall x3 |
| 14:43 | La Brianne · wall_segment Palisade Wall x1 |
| 15:28 | La Brianne · first_building Archery Range |
| 16:03 | La Brianne · wall_segment Palisade Wall x5 |
| 16:18 | MiniTurtle · wall_segment Palisade Wall x11 |
| 16:19 | MiniTurtle · wall_segment Palisade Wall x8 |
| 16:28 | La Brianne · wall_segment Palisade Wall x1 |
| 16:28 | La Brianne · wall_segment Palisade Wall x1 |
| 16:33 | MiniTurtle · wall_segment Palisade Wall x9 |
| 16:33 | MiniTurtle · wall_segment Palisade Wall x8 |
| 16:50 | MiniTurtle · wall_segment Palisade Wall x1 |
| 16:53 | MiniTurtle · wall_segment Palisade Wall x1 |
| 16:54 | MiniTurtle · wall_segment Palisade Wall x1 |
| 16:57 | MiniTurtle · wall_segment Palisade Wall x1 |
| 16:59 | MiniTurtle · wall_segment Palisade Wall x1 |
| 17:02 | MiniTurtle · wall_segment Palisade Wall x1 |
| 18:56 | La Brianne · wall_segment Palisade Wall x1 |
| 20:22 | MiniTurtle · first_market_buy 100 food |
| 21:04 | MiniTurtle · wall_segment Palisade Wall x1 |
| 23:04 | La Brianne · wall_segment Palisade Wall x14 |
| 23:09 | MiniTurtle · age_up castle |
| 23:51 | MiniTurtle · first_market_sell 100 wood |
| 25:02 | La Brianne · age_up castle |
| 25:08 | La Brianne · first_building Siege Workshop |
| 26:28 | MiniTurtle · first_building Monastery |
| 29:01 | MiniTurtle · first_building Siege Workshop |
| 31:27 | La Brianne · wall_segment Palisade Wall x9 |
| 32:52 | La Brianne · wall_segment Palisade Wall x2 |
| 33:50 | MiniTurtle · first_building Castle |
| 34:04 | La Brianne · first_building Castle |
| 34:55 | La Brianne · first_market_buy 100 food |
| 37:07 | La Brianne · first_building Monastery |
| 38:07 | La Brianne · age_up imperial |
| 38:22 | MiniTurtle · age_up imperial |
| 41:49 | La Brianne · first_market_sell 500 wood |
| 44:57 | La Brianne · resign |
[ AI ANALYSIS · 1 CREDIT ]
What really happened in this match?
Wolo.gg analyzes every decision: build order, eco, micro, common mistakes by bracket. Personalized analysis on WhatsApp or Discord in 30 seconds.
Civ guide
Sicilians
Perfil
Jugador #20156626